 Dungeon Crawl Stone Soup version 0.29.1-4-g47bece8355 (webtiles) character file.

Game seed: 6085954390417900649

5 Mune the Trooper (level 1, -6/20 HPs)
             Began as a Minotaur Abyssal Knight on Dec 4, 2022.
             Was a Believer of Lugonu.
             Mangled by a bone dragon (14 damage)
             ... on level 1 of the Abyss.
             The game lasted 00:01:05 (512 turns).

Mune the Trooper (Minotaur Abyssal Knight)           Turns: 512, Time: 00:01:05

Health: -6/20      AC:  3    Str: 17    XL:     1   Next: 66%
Magic:  1/1        EV: 11    Int:  7    God:    Lugonu [**....]
Gold:   0          SH:  0    Dex: 10    Spells: 0/0 levels left

rFire   . . .      SeeInvis .   a - +1 hand axe
rCold   . . .      Faith    .   (no shield)
rNeg    . . .      Spirit   .   b - +0 leather armour
rPois   .          Reflect  .   (helmet restricted)
rElec   .          Harm     .   (no cloak)
rCorr   .          Rampage  .   (no gloves)
Will    .....                   (no boots)
Stlth   +.........              (no amulet)
HPRegen 0.06/turn               (no ring)
MPRegen 0.07/turn               (no ring)

@: very slow
A: horns 2, retaliatory headbutt
a: Renounce Religion, Depart the Abyss, Bend Space


You were on level 1 of the Abyss.
You worshipped Lugonu.
Lugonu was pleased with you.
You visited 0 branches of the dungeon, and saw 0 of its levels.
You visited the Abyss 1 time.

Inventory:

Hand Weapons
 a - a +1 hand axe (weapon)
Armour
 b - a +0 leather armour (worn)


   Skills:
 + Level 4.1 Fighting
 + Level 2.4 Axes
 + Level 2.4 Armour
 + Level 1.1 Dodging
 + Level 1.7 Invocations


You couldn't memorise any spells.
You didn't know any spells.
Your spell library was empty.

Dungeon Overview and Level Annotations

Branches:
Dungeon (0/15)

Altars:


Innate Abilities, Weirdness & Mutations

You have a pair of horns on your head.
You reflexively headbutt those who attack you in melee.


Message History

Lugonu says: Depart the Abyss and spread corruption, my servant! (use the ability menu to exit the Abyss) Press ? for a list of commands and other information.
Found a gateway leading out of the Abyss.
Found a corrupted altar of Lugonu.
You don't know any spells.
Okay, then.
Okay, then.
You are suddenly pulled into a different region of the Abyss!
An ufetubus comes into view.
The ufetubus shouts!
The ufetubus hits you.
The ufetubus misses you. x2; The ufetubus hits you.
The ufetubus hits you. x2
You hit the ufetubus.
The ufetubus is lightly wounded.
The ufetubus closely misses you. The ufetubus misses you.
The ufetubus barely misses you. The ufetubus closely misses you.
You closely miss the ufetubus.
The ufetubus is lightly wounded.
The ufetubus closely misses you. The ufetubus hits you.
You miss the ufetubus. Your headbutt misses the ufetubus.
The ufetubus is lightly wounded.
The ufetubus hits you but does no damage.
The ufetubus barely misses you. x2; You furiously retaliate!
You headbutt the ufetubus. The ufetubus closely misses you.
You hit the ufetubus.
You kill the ufetubus!
Your Fighting skill increases to level 4!
You start resting.
You are suddenly pulled into a different region of the Abyss!
You start resting.
HP restored.
A bone dragon comes into view.
You enter the shallow water.
Moving in this stuff is going to be slow.
You hit the bone dragon.
The bone dragon is lightly damaged.
The bone dragon bites you. The bone dragon claws you!
The bone dragon tramples you!
Ouch! That really hurt!
You die...

.~..... #
.##~~... . #
.#.~... .# ##
.#~≈.. #.# # .
#..#.~~.##..#..
.
#....#~~#.....
.
.#..#..~D..#.#
.
#....#.@~...#.
. ##
##....~~.#...#
#. .
#...##.♣..# .
..# .#
#.#.#.#~~#.# #
.. #
#......~~.#.. #
. . ..
##....#.#~~# .#
# .
.#..######~≈# #
... .#...#. ..
.#.. #
#...##...#### #
. .


You could see a bone dragon.

Vanquished Creatures
  An ufetubus (Abyss:1)
1 creature vanquished.

Notes
Turn   | Place    | Note
-------+----------+-------------------------------------------
     0 | Abyss:1  | Mune the Minotaur Abyssal Knight began the quest for the
                  | Orb.
     0 | Abyss:1  | Reached XP level 1. HP: 19/19 MP: 1/1
     0 | Abyss:1  | Found a corrupted altar of Lugonu.
   320 | Abyss:1  | Noticed a large abomination
   333 | Abyss:1  | Reached skill level 4 in Fighting
   509 | Abyss:1  | Noticed a bone dragon
   512 | Abyss:1  | Mangled by a bone dragon

Illustrated notes

Levels and vault maps discovered:
Abyss:1:  base: Temple, base: Temple, kilobyte_mutagenic_chamber,
          onia_ninara_dug_in_and_dangerous

Skill      XL: |  1 |
---------------+----+-----
Fighting       | 4 |  4.1
Axes           | |  2.4
Armour         | |  2.4
Dodging        | |  1.1
Invocations    | |  1.7

Action                   || total
-------------------------++-------
Melee: Hand axe          ||     5
Armor: Leather armour    ||     1
Dodge: Dodged            ||    10
